 Dungeon Crawl Stone Soup version 0.26.1-11-gd32895ea62 (webtiles) character file.

Game seed: 11965526554095686390

54 selver the Poker (level 3, -1/27 HPs)
             Began as a Merfolk Gladiator on June 22, 2021.
             Slain by an orc priest (3 damage)
             ... on level 2 of the Dungeon.
             The game lasted 00:04:44 (1512 turns).

selver the Poker (Merfolk Gladiator)                Turns: 1512, Time: 00:04:45

Health: -1/27      AC:  6    Str: 14    XL:     3   Next: 91%
Magic:  3/3        EV: 12    Int:  8    God:
Gold:   114        SH:  0    Dex: 15    Spells: 2/2 levels left

rFire    . . .     SeeInvis .   a - +0 trident
rCold    . . .     Faith    .   (no shield)
rNeg     . . .     Spirit   .   h - +0 ring mail (curse)
rPois    .         Reflect  .   c - +0 helmet
rElec    .         Harm     .   (no cloak)
rCorr    .         Rampage  .   (no gloves)
Will     .....                  (no boots)
Stlth    +.........             (no amulet)
HPRegen  0.09/turn              (no ring)
MPRegen  0.08/turn              (no ring)

@: no status effects
A: change form in water, swift swim, stealthy swim
a: no special abilities


You were on level 2 of the Dungeon.
You visited 1 branch of the dungeon, and saw 3 of its levels.

You collected 114 gold pieces.

Inventory:

Hand Weapons
 a - a +0 trident (weapon)
Missiles
 d - 3 throwing nets (quivered)
Armour
 b - a +0 leather armour
 c - a +0 helmet (worn)
 h - a cursed +0 ring mail (worn)
Jewellery
 g - an uncursed ring of fire {unknown}
 m - an uncursed ring of flight {unknown}
Scrolls
 e - 3 scrolls of identify {unknown}
 f - 2 scrolls of remove curse {unknown}
 l - a scroll of fog {unknown}
 o - 2 scrolls of noise {unknown}
Potions
 i - a potion of might {unknown}
 j - a potion of invisibility {unknown}
 k - a potion of curing {unknown}
 n - a potion of berserk rage {unknown}
 p - a potion of magic {unknown}


   Skills:
 - Level 2.1 Fighting
 + Level 6.8 Polearms
 - Level 2.0 Throwing
 - Level 4.0 Dodging


You had 2 spell levels left.
You didn't know any spells.
Your spell library was empty.

Dungeon Overview and Level Annotations

Branches:
Dungeon (3/15)

Altars:
The Shining One


Message History

Beogh smites you!
You barely miss the orc priest.
The orc priest is severely wounded.
The orc priest calls down the wrath of Beogh upon you.
Pain shoots through your body!
You hit the orc priest but do no damage.
The orc priest is severely wounded.
The orc priest closely misses you.
You hit the orc priest but do no damage.
The orc priest is severely wounded.
The orc priest hits you but does no damage.
You hit the orc priest.
The orc priest is almost dead.
The orc priest mumbles some strange prayers to Beogh against you.
Beogh smites you!
* * * LOW HITPOINT WARNING * * *
You hit the orc priest but do no damage.
The orc priest is almost dead.
The orc priest hits you.
You die...

.#.........##.# #...............#
...........##.# ##...............
...........##.######...##........
.....................#....#..###.
.#...........#.#####.##.#......†.
##..>..........## #.##.......##.
................####..#......####
#...............o.##......#### #
#..##########...@.......#..### #
#..#### ##.##.............####
#.....# #..##.###....##.#...#
..###.# ##.##..###.....#.###.##
..###.## ##......##...<.....#....
.......###....#..................
##..............≈≈≈≈≈.≈≈≈≈≈.≈≈≈≈≈
####...........≈###≈.≈###≈.≈###≈
####..#.###.≈# #≈.≈# #≈.≈# #≈


You could see an orc priest.

Vanquished Creatures
  2 adders (D:2)
  A dart slug (D:1)
  A leopard gecko (D:2)
  3 giant cockroaches
  2 hobgoblins (D:1)
  10 kobolds
  3 bats
  2 frilled lizards (D:1)
  6 goblins
  3 rats
33 creatures vanquished.

Notes
Turn   | Place    | Note
-------+----------+-------------------------------------------
     0 | D:1      | selver the Merfolk Gladiator began the quest for the Orb.
     0 | D:1      | Reached XP level 1. HP: 16/16 MP: 1/1
    64 | D:1      | Reached skill level 5 in Polearms
   162 | D:1      | Reached XP level 2. HP: 19/22 MP: 2/2
   810 | D:2      | Reached skill level 6 in Polearms
   810 | D:2      | Reached XP level 3. HP: 27/27 MP: 3/3
  1279 | D:2      | Found a glowing golden altar of the Shining One.
  1512 | D:2      | Slain by an orc priest

Illustrated notes

Levels and vault maps discovered:
D:1:      tarquinn_simple_flora_water_d, layout_loops_ring
D:2:      layout_rooms, tso_altar, kennysheep_boxes
D:3:      layout_loops_ring, gammafunk_temple_overflow_statue

Skill      XL: |  1  2 |
---------------+-------+-----
Polearms       | 5 6 |  6.8
Fighting       | |  2.1
Throwing       | |  2.0
Dodging        | |  4.0

Action                   || total
-------------------------++-------
Melee: Trident           ||   119
Armor: Leather armour    ||     5
       Ring mail         ||    17
Dodge: Dodged            ||    77
